AoeStats
← Carple

Four Lakes

509161523Analyzed
1v1 RM · 7d ago on Sep 25, 2026· 57m 19s· 2 players
Game mode
Random Map
Map size
Tiny (2 player)
Population
200
Speed
Normal
Resources
Standard
Victory
Conquest
Starting age
Dark Age
Ending age
Imperial Age
RankedLock teamsTeams togetherTeam positionsShared explorationLock speedFull tech treeHidden civsTurbo modeCheats
Victory
Defeat
🇨🇦 Spanish · Canada
1255
+15
🇪🇸 Celts · Spain
1238
-15
Fuentelsaz
8:44 Loom
12:48 Feudal Age
16:54 Castle Age
16:35 Double-Bit Axe
17:11 Fletching
17:55 Bodkin Arrow
19:00 Elite Skirmisher
20:13 Bow Saw
20:40 Horse Collar
22:11 Forging
21:22 Pikeman
23:27 Heavy Plow
25:36 Wheelbarrow
27:13 Hand Cart
26:44 Town Watch
30:39 Imperial Age
28:28 Padded Archer Armor
28:55 Scale Mail Armor
33:58 Chain Mail Armor
35:01 Gold Mining
36:42 Chemistry
36:54 Plate Mail Armor
36:01 Halberdier
40:05 Iron Casting
39:05 Capped Ram
39:53 Siege Ram
40:26 Arson
41:17 Town Patrol
46:06 Elite Woad Raider
47:18 Heavy Scorpion
Carple
7:50 Loom
10:43 Feudal Age
11:13 Double-Bit Axe
17:06 Castle Age
16:01 Horse Collar
16:22 Stone Mining
16:25 Gold Mining
17:00 Forging
16:51 Fishing Lines
19:44 Fletching
20:07 Husbandry
21:17 Bloodlines
22:42 Town Watch
23:13 Bow Saw
23:24 Scale Barding Armor
24:04 Padded Archer Armor
26:17 Iron Casting
26:54 Chain Barding Armor
27:18 Town Watch
28:11 Wheelbarrow
32:28 Imperial Age
32:00 Heavy Plow
32:37 Leather Archer Armor
32:23 Scale Mail Armor
33:45 Conscription
33:07 Cavalier
34:29 Light Cavalry
35:47 Hussar
37:49 Chemistry
39:09 Hand Cart
38:55 Gambesons
38:59 Man-at-Arms
39:40 Squires
39:25 Arson
39:59 Chain Mail Armor
40:35 Ballistics
40:00 Long Swordsman
40:01 Pikeman
42:58 Two-Handed Swordsman
44:31 Plate Mail Armor
45:02 Blast Furnace
44:43 Plate Barding Armor
43:45 Elite Skirmisher
50:42 Two-Man Saw
49:53 Paladin
51:06 Halberdier
53:22 Champion
Connection lost

Rejoining the realm…

Still unreachable

The connection could not be restored.

Session expired

The server has moved on; the page needs a fresh start.